 Dungeon Crawl Stone Soup version 0.28-a0-863-g8cecda6153 (webtiles) character file.

Game seed: 14089921188241782719

7193 pokeman the Eclecticist (level 10, -1/56 HPs)
             Began as a Deep Elf Hedge Wizard on Nov 19, 2021.
             Was a Priest of Vehumet.
             Killed from afar by an electric eel (14 damage)
             ... with a bolt of electricity
             ... on level 11 of the Dungeon.
             The game lasted 00:26:56 (9820 turns).

pokeman the Eclecticist (Deep Elf Hedge Wizard)     Turns: 9820, Time: 00:26:56

Health: -1/56      AC: 12    Str: 10    XL:     10   Next: 87%
Magic:  30/31      EV: 13    Int: 23    God:    Vehumet [***...]
Gold:   504        SH:  0    Dex: 14    Spells: 13/39 levels left

rFire   . . .      SeeInvis .   F - +6 mace "Wasint" {vorpal, rC+ Str+3}
rCold   + . .      Faith    .   (no shield)
rNeg    . . .      Spirit   .   I - +0 steam dragon scales
rPois   .          Reflect  .   b - +2 helmet
rElec   .          Harm     .   i - +0 cloak
rCorr   .          Rampage  .   v - +1 pair of gloves
Will    .....                   (no boots)
Stlth   ++........              s - amulet of magic regeneration
HPRegen 0.18/turn               a - ring of flight
MPRegen 0.47/turn               (no ring)

@: weak-willed, flying
A: no striking features
a: Renounce Religion


You were on level 11 of the Dungeon.
You worshipped Vehumet.
Vehumet was most pleased with you.
You visited 2 branches of the dungeon, and saw 11 of its levels.

You collected 504 gold pieces.

Inventory:

Hand Weapons
 E - a +3 quarterstaff of chaos
 F - the +6 mace "Wasint" (weapon) {vorpal, rC+ Str+3}
   (You found it on level 6 of the Dungeon)

   It inflicts extra damage upon your enemies.
   Str:       It affects your strength (+3).
   rC:        It protects you from cold.
 N - a +0 shortbow
 P - a +4 short sword of electrocution
Missiles
 d - 186 arrows
Armour
 b - a +2 helmet (worn)
 i - a +0 cloak (worn)
 v - a +1 pair of gloves (worn)
 C - a +0 kite shield
 I - +0 steam dragon scales (worn)
 S - +0 storm dragon scales
 U - a +0 troll leather armour
Magical Staves
 L - a staff of earth
Jewellery
 a - a ring of flight (left hand)
 c - a ring of ice
 s - an amulet of magic regeneration (around neck)
Wands
 o - a wand of polymorph (10)
 w - a wand of paralysis (7)
 B - a wand of charming (11)
 M - a wand of mindburst (12)
 O - a wand of iceblast (14)
Scrolls
 e - 2 scrolls of blinking
 g - 3 scrolls of identify
 h - a scroll of acquirement
 j - 3 scrolls of teleportation
 k - 4 scrolls of vulnerability
 n - 2 scrolls of holy word
 q - a scroll of fear {unknown}
 r - a scroll of immolation {unknown}
 x - 3 scrolls of noise {unknown}
 y - a scroll of amnesia {unknown}
 G - 2 scrolls of magic mapping {unknown}
 J - a scroll of fog {unknown}
 R - a scroll of enchant weapon {unknown}
Potions
 f - a potion of lignification {unknown}
 l - 2 potions of mutation {unknown}
 m - 2 potions of attraction {unknown}
 p - a potion of invisibility {unknown}
 t - a potion of might {unknown}
 u - a potion of degeneration {unknown}
 z - 2 potions of haste {unknown}
 A - a potion of flight {unknown}
 D - a potion of heal wounds {unknown}
 H - a potion of curing {unknown}
 K - a potion of magic {unknown}
 Q - a potion of ambrosia {unknown}
Miscellaneous
 T - a phial of floods


   Skills:
 - Level 3.0 Fighting
 + Level 3.3 Armour
 - Level 3.0 Dodging
 - Level 3.2 Stealth
 - Level 4.0 Shields
 * Level 15.2 Spellcasting
 + Level 8.9 Conjurations
 - Level 1.1 Summonings
 - Level 1.1 Translocations
 - Level 1.0 Fire Magic
 - Level 1.3 Air Magic
 - Level 3.2 Earth Magic
 - Level 1.3 Poison Magic
 - Level 1.3 Evocations


You had 13 spell levels left.
You knew the following spells:

 Your Spells              Type           Power      Damage    Failure   Level
a - Magic Dart            Conj           100%       1d8       1%          1
b - Mephitic Cloud        Conj/Pois/Air  35%        N/A       1%          3
c - Call Imp              Summ           22%        N/A       3%          2
d - Blink                 Tloc           44%        N/A       3%          2
e - Conjure Flame         Conj/Fire      40%        6-21      1%          3
f - Shock                 Conj/Air       100%       1d9       1%          1
g - Flame Wave            Conj/Fire      40%        3d8       1%          4
h - Orb of Destruction    Conj           27%        9d11      19%         7
i - Swiftness             Air            23%        N/A       6%          3

Your spell library contained the following spells:

 Spells                   Type           Power      Damage    Failure   Level
 Dazzling Flash           Conj/Hex       76%        N/A       1%          3
 Passwall                 Tmut/Erth      20%        N/A       2%          2
 Slow                     Hex            68%        N/A       3%          1
 Ensorcelled Hibernation  Hex/Ice        34%        N/A       4%          2
 Irradiate                Conj/Tmut      19%        3d19      4%          5
 Summon Guardian Golem    Hex/Summ       20%        N/A       8%          3
 Petrify                  Tmut/Erth      25%        N/A       17%         4
 Silence                  Hex/Air        10%        N/A       56%         5
 Spellforged Servitor     Conj/Summ      20%        N/A       63%         7
 Agony                    Necr           17%        N/A       67%         5
 Metabolic Englaciation   Hex/Ice        8%         N/A       67%         5
 Statue Form              Tmut/Erth      16%        N/A       95%         6


Dungeon Overview and Level Annotations

Branches:
Dungeon (9/15)             Temple (1/1) D:4            Lair (0/6) D:11
    Orc (0/2) D:9

Altars:
Ashenzari
Cheibriados
Dithmenos
Elyvilon
Fedhas
Gozag
Kikubaaqudgha
Nemelex Xobeh
Okawaru
Qazlal
Ru
Uskayaw
Vehumet
Wu Jian
Xom
Yredelemnul
Zin
The Shining One
Jiyva


Message History

As you read the scroll labelled ECAUBORH QENA, it crumbles to dust.
It is a scroll of identify.
h - a scroll of acquirement You feel stable enough to blink again.
The orc priest is engulfed in noxious fumes.
The orc priest appears confused.
As you read the scroll labelled SATAATHRUATE, it crumbles to dust.
You feel strangely unstable.
It was a scroll of teleportation.
Your surroundings suddenly seem different. 7 hounds, a manticore, a two-headed ogre, a troll, an electric eel and a zombie come into view.
Found a hunting sling, a flail, a runed hat and a scroll of blinking.
Found a staircase to the Lair.
The hound barks!
The wolf howls!
The hound barks! x2
An electric eel comes into view.
The troll shouts!
As you read the scroll labelled ZEATIL DEIPHI, it crumbles to dust.
The two-headed ogre shouts in stereo!
The hound barks!
Magic quickly surges around you.
It was a scroll of vulnerability.
The wolf bites you. x2
* * * LOW HITPOINT WARNING * * *
The wolf bites you but does no damage.
Casting: Mephitic Cloud (safe; 1% risk of failure)
Confirm with . or Enter, or press ? or * to list all spells.
You blink.
An electric eel comes into view.
The hound closely misses you. The hound bites you but does no damage.
The hound closely misses you.
Unknown command.
As you read the scroll labelled UVECZIXALA, it crumbles to dust.
You speak a Word of immense power!
It was a scroll of holy word.
The hound barely misses you. The hound closely misses you.
The wolf bites you but does no damage. The hound closely misses you.
You feel stable enough to blink again. The hound closely misses you.
The electric eel shoots out a bolt of lightning at you!
The bolt of electricity misses you. The hound barely misses you.
The wolf bites you but does no damage.
The electric eel shoots out a bolt of lightning at you!
The bolt of electricity hits you!
You die...

....≈≈≈.≈≈≈≈≈..#
..≈≈.≈≈.H≈≈≈...#
.)≈≈≈S..≈≈≈≈...#
.≈≈≈≈.≈T≈.≈≈≈..#
≈≈≈≈≈≈....≈≈≈..#
≈≈≈≈≈≈hhh.≈≈...#
≈≈≈≈S≈hhhh.≈≈≈.#
≈≈≈≈≈≈....≈≈≈..#
≈≈≈≈≈.S@≈.≈≈≈≈.#
≈≈≈≈≈≈≈≈≈≈≈≈...
..≈≈≈≈≈≈≈≈≈≈...
.≈.≈≈≈≈≈.≈.≈≈..
..≈≈.≈.≈≈.≈....
..≈.≈.≈.≈.≈....
.≈.............
...............


You could see a manticore (weak-willed), a troll (weak-willed), 3 wolves, 4
hounds and 3 electric eels.

Vanquished Creatures
  3 two-headed ogres
  A centaur warrior (D:8)
  Maurice (D:8)
  A troll (D:9)
  Prince Ribbit (D:6)
  Eustachio (D:5)
  A wyvern (D:9)
  Menkaure (D:5)
  2 steam dragons
  Duvessa (D:6)
  An ice beast (D:7)
  A sky beast (D:5)
  7 orc warriors
  An ogre (D:7)
  2 necrophages
  A centaur (D:9)
  2 phantoms (D:5)
  A kobold brigand (D:6)
  A bullfrog (D:7)
  A gnoll sergeant (D:6)
  2 scorpions
  A wyvern skeleton (D:5)
  Dowan (D:6)
  A howler monkey (D:5)
  4 centaur zombies
  4 jellies (D:9)
  A bullfrog zombie (D:6)
  3 hounds
  Crazy Yiuf (D:6)
  10 orc priests
  A gnoll shaman (D:7)
  4 bullfrog skeletons
  A centaur skeleton (D:7)
  Jessica (D:2)
  An iguana (D:5)
  8 orc wizards
  2 hound skeletons (D:5)
  A howler monkey zombie (D:7)
  6 adders
  8 gnolls
  2 ufetubi
  3 adder skeletons (D:4)
  An adder zombie (D:5)
  4 worms
  31 orcs
  9 endoplasms
  4 giant cockroaches
  3 goblins
  6 hobgoblins
  8 jackals
  17 kobolds
  7 quokkas
  11 ball pythons
  7 bats
  5 frilled lizards
  8 rats
218 creatures vanquished.

Vanquished Creatures (collateral kills)
  2 necrophages (D:4)
  A hobgoblin (D:4)
  A jackal (D:4)
  A ball python (D:4)
5 creatures vanquished.

Vanquished Creatures (others)
  A fungus (D:2)
  A plant (D:2)
2 creatures vanquished.

Grand Total: 225 creatures vanquished

Notes
Turn   | Place    | Note
-------+----------+-------------------------------------------
     0 | D:1      | pokeman the Deep Elf Hedge Wizard began the quest for the
                  | Orb.
     0 | D:1      | Reached XP level 1. HP: 10/10 MP: 7/7
   433 | D:1      | Reached XP level 2. HP: 5/15 MP: 1/9
  1102 | D:1      | Reached skill level 5 in Spellcasting
  1468 | D:2      | Reached XP level 3. HP: 12/20 MP: 4/11
  1472 | D:2      | Learned a level 3 spell: Mephitic Cloud
  1475 | D:2      | Learned a level 2 spell: Call Imp
  1478 | D:2      | Learned a level 2 spell: Blink
  1482 | D:2      | Learned a level 3 spell: Conjure Flame
  2091 | D:2      | Reached skill level 1 in Fighting
  2091 | D:2      | Reached skill level 1 in Armour
  2165 | D:2      | Noticed Jessica
  2170 | D:2      | Killed Jessica
  2171 | D:2      | Reached XP level 4. HP: 25/25 MP: 6/13
  2552 | D:2      | Found a sacrificial altar of Ru.
  2657 | D:2      | Found a faded altar of an unknown god.
  2763 | D:3      | Reached skill level 1 in Fire Magic
  3021 | D:3      | Reached skill level 6 in Spellcasting
  3294 | D:3      | Reached XP level 5. HP: 29/29 MP: 13/15
  3744 | D:4      | Found a staircase to the Ecumenical Temple.
  3770 | D:4      | Noticed a necrophage
  3783 | D:4      | Killed a necrophage
  3784 | D:4      | Reached skill level 1 in Air Magic
  3784 | D:4      | Reached XP level 6. HP: 27/34 MP: 0/17
  3845 | D:4      | Reached skill level 7 in Spellcasting
  3854 | Temple   | Entered the Ecumenical Temple
  3982 | Temple   | Became a worshipper of Vehumet
  4078 | D:4      | Reached skill level 1 in Poison Magic
  4078 | D:4      | Reached skill level 1 in Evocations
  4220 | D:4      | Found a stormy altar of Qazlal.
  4358 | D:4      | Got the Compendium of the Hurtful Glacier
  4675 | D:5      | Entered Level 5 of the Dungeon
  4685 | D:5      | Reached XP level 7. HP: 38/38 MP: 16/20
  4794 | D:5      | Reached * piety under Vehumet
  4794 | D:5      | Offered knowledge of Shock by Vehumet.
  4797 | D:5      | Learned a level 1 spell: Shock
  4912 | D:5      | Reached skill level 8 in Spellcasting
  4932 | D:5      | Noticed Menkaure
  4946 | D:5      | Killed Menkaure
  5371 | D:5      | Reached skill level 9 in Spellcasting
  5549 | D:5      | Noticed Eustachio
  5557 | D:5      | Reached XP level 8. HP: 41/45 MP: 15/23
  5560 | D:5      | Killed Eustachio
  5561 | D:5      | Reached skill level 5 in Conjurations
  5592 | D:5      | Learned a level 7 spell: Orb of Destruction
  5928 | D:5      | Reached skill level 10 in Spellcasting
  5988 | D:6      | Noticed Prince Ribbit
  6007 | D:6      | Killed Prince Ribbit
  6014 | D:6      | Reached ** piety under Vehumet
  6014 | D:6      | Offered knowledge of Sandblast by Vehumet.
  6086 | D:6      | Noticed a two-headed ogre
  6211 | D:6      | Found a glowing silver altar of Zin.
  6212 | D:6      | Noticed Duvessa
  6212 | D:6      | Noticed Dowan
  6226 | D:6      | Killed Dowan
  6227 | D:6      | Reached skill level 11 in Spellcasting
  6246 | D:6      | Killed Duvessa
  6321 | D:6      | Reached XP level 9. HP: 39/50 MP: 21/26
  6432 | D:6      | Noticed an angel
  6446 | D:6      | Found a shimmering altar of Xom.
  6497 | D:6      | Killed a two-headed ogre
  6498 | D:6      | Reached skill level 12 in Spellcasting
  6882 | D:6      | Found a runed translucent door.
  6883 | D:6      | Noticed Crazy Yiuf
  6999 | D:6      | Killed Crazy Yiuf
  7009 | D:6      | Identified the +6 mace "Wasint" {vorpal, rC+ Str+3}
  7166 | D:7      | Reached skill level 1 in Shields
  7526 | D:7      | Reached skill level 13 in Spellcasting
  7571 | D:7      | You are sucked into a shaft and drop 2 floors!
  7580 | D:8      | Offered knowledge of Ignite Poison by Vehumet.
  7879 | D:8      | Learned a level 3 spell: Swiftness
  8104 | D:8      | Noticed a centaur warrior
  8113 | D:8      | Killed a centaur warrior
  8114 | D:8      | Reached skill level 1 in Earth Magic
  8114 | D:8      | Reached XP level 10. HP: 38/56 MP: 24/29
  8256 | D:8      | Noticed Maurice
  8273 | D:8      | Killed Maurice
  8441 | D:8      | Noticed a two-headed ogre
  8461 | D:8      | Killed a two-headed ogre
  8462 | D:8      | Reached skill level 14 in Spellcasting
  8802 | D:9      | Found an opulent altar of Gozag.
  8849 | D:9      | Reached *** piety under Vehumet
  8851 | D:9      | Noticed a two-headed ogre
  8863 | D:9      | Killed a two-headed ogre
  9204 | D:9      | Offered knowledge of Flame Wave by Vehumet.
  9210 | D:9      | Learned a level 4 spell: Flame Wave
  9371 | D:9      | Reached skill level 15 in Spellcasting
  9399 | D:9      | Reached **** piety under Vehumet
  9707 | D:9      | Found a staircase to the Orcish Mines.
  9785 | D:9      | Found a viscous altar of Jiyva.
  9788 | D:9      | You are sucked into a shaft and drop 2 floors!
  9788 | D:11     | Noticed a two-headed ogre
  9788 | D:11     | Noticed a gargoyle
  9811 | D:11     | Identified a scroll of acquirement
  9815 | D:11     | Found a staircase to the Lair.
  9815 | D:11     | Noticed a manticore
  9815 | D:11     | Noticed a two-headed ogre
  9820 | D:11     | Killed from afar by an electric eel

Illustrated notes

Levels and vault maps discovered:
D:1:      psy_arrival_wood_between_worlds, layout_loops_ring
D:2:      layout_basic, basic_altar, shapermc_ecumenical_altar_petra,
          uniq_jessica
D:3:      layout_basic, minmay_distorted
D:4:      layout_loops_ring, mainiacjoe_overflow_alcove_2,
          minmay_temple_entry_water_ring, nicolae_elevator_lobby_plus
D:5:      layout_loops_ring, serial_park_tiny_1, uniq_eustachio, uniq_menkaure
D:6:      layout_cave_pools, grunt_temple_overflow_order_and_chaos_1,
          uniq_prince_ribbit1, uniq_crazy_yiuf_cottage, uniq_duvessa
D:7:      layout_cave_pools
D:8:      layout_basic, minmay_microvault, uniq_maurice
D:9:      layout_roguey, grunt_gozag_statues, david_orc_4, jiyva_altar_1
D:11:     layout_loops_cross, erik_lair_island, enter_bailey_2
Temple:   mainiacjoe_temple_coin_purse

Skill      XL: |  1  2  3  4  5  6  7  8  9 10 |
---------------+-------------------------------+-----
Spellcasting   | 5 6 7 9 11 13 15 | 15.2
Fighting       | 1 2 3 |  3.0
Armour         | 1 2 3 |  3.3
Conjurations   | 2 3 4 6 7 8 |  8.9
Fire Magic     | 1 |  1.0
Dodging        | 3 |  3.0
Stealth        | 3 |  3.2
Air Magic      | 1 |  1.3
Poison Magic   | 1 |  1.3
Evocations     | 1 |  1.3
Shields        | 2 4 |  4.0
Earth Magic    | 1 3 |  3.2
Summonings     | |  1.1
Translocations | |  1.1

Action                   |  1- 3 |  4- 6 |  7- 9 | 10-12 || total
-------------------------+-------+-------+-------+-------++-------
Melee: Dagger            |       |    11 |     5 |       ||    16
       Rapier            |       |       |    22 |       ||    22
       Mace              |       |       |    10 |    23 ||    33
 Cast: Magic Dart        |    99 |   147 |    23 |       ||   269
       Call Imp          |       |     4 |     2 |     2 ||     8
       Conjure Flame     |       |     2 |    24 |    11 ||    37
       Mephitic Cloud    |       |     1 |    17 |    11 ||    29
       Shock             |       |       |   218 |    85 ||   303
       Flame Wave        |       |       |       |     3 ||     3
       Blink             |       |       |       |     2 ||     2
  Use: Scroll            |       |       |       |     5 ||     5
 Stab: Sleeping          |       |     1 |       |       ||     1
       Confused          |       |     1 |     4 |     1 ||     6
Armor: Leather armour    |     5 |    11 |    29 |       ||    45
       Steam dragon scal |       |       |     6 |     6 ||    12
Dodge: Dodged            |    10 |    24 |    56 |    27 ||   117

Table legend: (Time is in decaauts)
 A = Elapsed time spent in this place.
 B = Non-inter-level travel time spent in this place.
 C = Inter-level travel time spent in this place.
 D = Time resting spent in this place.
 E = Time spent auto-exploring this place.
 F = Levels seen in this place.
 G = Mean time per level.
                   A        B        C        D        E       F      G
               +--------+--------+--------+--------+--------+-----+--------+
         Total |   9840 |   9594 |    246 |    941 |   6892 |  11 |  894.5 |
       Dungeon |   9700 |   9464 |    236 |    941 |   6780 |  10 |  970.0 |
        Temple |    139 |    129 |     10 |      0 |    112 |   1 |  139.0 |
               +--------+--------+--------+--------+--------+-----+--------+

Top non-repeatable levels by time:
     D:5: 1394 daAuts
     D:1: 1360 daAuts
     D:2: 1329 daAuts
     D:9: 1116 daAuts
     D:6: 985 daAuts
     D:3: 979 daAuts
     D:8: 926 daAuts
     D:4: 868 daAuts
     D:7: 707 daAuts
  Temple: 139 daAuts
    D:11: 31 daAuts
